 Dungeon Crawl Stone Soup version 0.20-a0-947-g2784f4f (webtiles) character file.

171 Lifeless the Skirmisher (level 5, -12/42 HPs)
             Began as a Human Fighter on Apr 3, 2017.
             Was an Initiate of the Shining One.
             Mangled by a gnoll
             ... wielding a +2 halberd of pain
              (14 damage)
             ... on level 3 of the Dungeon.
             The game lasted 00:13:07 (2445 turns).

Lifeless the Skirmisher (Human Fighter)             Turns: 2445, Time: 00:13:08

Health: -12/42     AC:  8    Str: 21    XL:     5   Next: 81%
Magic:  5/5        EV:  4    Int:  8    God:    the Shining One [......]
Gold:   126        SH:  0    Dex: 14    Spells: 4/4 levels left

rFire    . . .     SeeInvis .   a - +0 long sword
rCold    . . .     Gourm    .   c - +0 shield
rNeg     . . .     Faith    .   i - +0 scale mail
rPois    .         Spirit   .   (no helmet)
rElec    .         Reflect  .   m - +0 cloak
rCorr    .         Harm     .   (no gloves)
MR       .....                  (no boots)
Stlth    ..........             s - amulet of rage
Regen    0.2/turn               (no ring)
MPRegen  0.1/turn               (no ring)

@: mighty, held, glowing
A: no striking features
a: Renounce Religion, Evoke Berserk Rage


You were on level 3 of the Dungeon.
You worshipped the Shining One.
The Shining One was noncommittal.
You were not hungry.

You visited 1 branch of the dungeon, and saw 3 of its levels.

You collected 126 gold pieces.

Inventory:

Hand Weapons
 a - a +0 long sword (weapon)
Missiles
 v - 5 exploding tomahawks (quivered)
Armour
 c - a +0 shield (worn)
 i - a +0 scale mail (worn)
 m - a +0 cloak (worn)
Jewellery
 s - an amulet of rage (around neck)
Scrolls
 g - 4 scrolls of enchant armour {unknown}
 j - a scroll of identify {unknown}
 k - 3 scrolls of teleportation {unknown}
 n - 3 scrolls of remove curse {unknown}
 o - 2 scrolls of immolation {unknown}
 t - a scroll of amnesia {unknown}
 u - a scroll of recharging {unknown}
Potions
 e - 2 potions of curing {unknown}
 h - 3 potions of heal wounds {unknown}
 p - a potion of brilliance {unknown}
 q - a potion of resistance {unknown}
 w - a potion of flight {unknown}
Comestibles
 b - 3 royal jellies
 f - 5 bread rations
 l - a meat ration


   Skills:
 + Level 4.0 Fighting
 + Level 3.9 Long Blades
 + Level 4.0 Armour
 - Level 3.0 Shields


You had 4 spell levels left.
You didn't know any spells.

Dungeon Overview and Level Annotations

Branches:
Dungeon (3/15)

Altars:
The Shining One


Message History

The gnoll hits you from afar with a halberd of pain!
The Shining One protects you from harm!
You slash the gnoll!
You kill the gnoll!
The gnoll hits you from afar with a halberd of pain.
* * * LOW HITPOINT WARNING * * *
The gnoll throws a throwing net.
You block the throwing net.
You see here a throwing net.
The gnoll throws a throwing net.
The throwing net hits you.
You become entangled in the net!
You see here a throwing net.
You struggle against the net.
You struggle against the net.
You struggle against the net.
The gnoll hits you from afar with a halberd of pain.
* * * LOW HITPOINT WARNING * * *
You struggle against the net.
The gnoll barely misses you.
You struggle against the net.
The gnoll hits you from afar with a halberd of pain!
You die...

..###.##..## ##.#
#.##..# #
#.###.##..# g
#.#...##.## #. #.#.#
#.# #.# #.#.####.
(.# #.#... ..
#.#.#?###.#.#
#.....gg(@..#
#..##.#####.# .# ..#
#.# #.# # #.## #.#
#.# ##.## #
###>####.#####...#
#........... .....
#.#...#..#####...#
#.#.............##
........#..#......##


You could see 2 gnolls.

Vanquished Creatures
  A gnoll sergeant (D:3)
  A gnoll (D:3)
  3 adders
  3 oozes
  An adder skeleton (D:3)
  A dart slug (D:2)
  4 leopard geckos
  2 orcs (D:3)
  A giant cockroach (D:2)
  10 goblins
  6 hobgoblins
  8 bats
  3 frilled lizards
  4 kobolds
  4 rats
52 creatures vanquished.

Notes
Turn   | Place    | Note
-------+----------+-------------------------------------------
     0 | D:1      | Lifeless the Human Fighter began the quest for the Orb.
     0 | D:1      | Reached XP level 1. HP: 18/18 MP: 1/1
   317 | D:1      | Reached XP level 2. HP: 24/24 MP: 2/2
   680 | D:1      | Reached XP level 3. HP: 29/29 MP: 3/3
  1373 | D:2      | Reached XP level 4. HP: 36/36 MP: 4/4
  1899 | D:2      | Found a glowing golden altar of the Shining One.
  1918 | D:2      | Became a worshipper of the Shining One
  2291 | D:3      | Reached XP level 5. HP: 37/42 MP: 5/5
  2435 | D:3      | The Shining One protects you from harm!
  2437 | D:3      | The Shining One protects you from harm!
  2443 | D:3      | HP: 2/42 [gnoll/halberd of pain (2)]
  2445 | D:3      | Mangled by a gnoll

Vault maps used:
D:1:      dpeg_arrival_concentric_ovals, st_stairs_2
D:2:      nicolae_tso_swordbearing_angel, hangedman_abyss_or_decor_stabs
D:3:      lemuel_round_altar, first_bread

Skill      XL: |  1  2  3  4  5 |
---------------+----------------+-----
Long Blades    | 3 |  3.9
Fighting       | 4 |  4.0
Armour         | 4 |  4.0
Shields        | |  3.0

Action                   |  1- 3 |  4- 6 || total
-------------------------+-------+-------++-------
Melee: Long sword        |    77 |   101 ||   178
  Use: Potion            |       |     1 ||     1
  Eat: Chunk             |     1 |     4 ||     5
Armor: Scale mail        |    37 |    47 ||    84
Dodge: Dodged            |    23 |    24 ||    47
Block: Shield            |    27 |    47 ||    74
       Rpst.: Long sword |     7 |    10 ||    17
